 Dungeon Sprint DCSS version 0.30-a0-311-gf115ab0292 (webtiles) character file.

Game seed: 3219236678092386648

137 retardedninja the Covered (level 5, 0/51 HPs)
             Began as a Minotaur Fighter on Oct 25, 2022.
             Slain by a fire elemental (9 damage)
             ... summoned by a deep elf pyromancer
             ... in the Dungeon (Sprint III: "The Ten Rune Challenge").
             The game lasted 00:01:57 (714 turns).

retardedninja the Covered (Minotaur Fighter)         Turns: 714, Time: 00:01:59

Health: 0/51       AC: 11    Str: 23    XL:     5   Next: 0%
Magic:  4/4        EV: 10    Int:  5    God:
Gold:   28         SH:  5    Dex:  9    Spells: 4/4 levels left

rFire   . . .      SeeInvis .    a - +0 war axe
rCold   . . .      Faith    .    c - +0 buckler
rNeg    . . .      Spirit   .    b - +0 scale mail
rPois   .          Reflect  .    (helmet restricted)
rElec   .          Harm     .    (no cloak)
rCorr   .          Rampage  .    (no gloves)
Will    .....      NoTele   +    k - +0 pair of boots
Stlth   ..........               (no amulet)
HPRegen 0.28/turn                (no ring)
MPRegen 0.09/turn                (no ring)

@: hasted, very quick
A: horns 2, retaliatory headbutt, iridescent scales 1
a: no special abilities


You were in the Dungeon.
You visited 1 branch You collected 28 gold pieces.

Inventory:

Hand Weapons
 a - a +0 war axe (weapon)
Armour
 b - a +0 scale mail (worn)
 c - a +0 buckler (worn)
 k - a +0 pair of boots (worn)
Scrolls
 j - a scroll of blinking
 l - a scroll of poison {unknown}
 m - 5 scrolls of identify
 o - 3 scrolls of immolation {unknown}
Potions
 e - 2 potions of curing
 f - a potion of heal wounds
 h - 2 potions of magic
 i - a potion of berserk rage
 n - 3 potions of flight


   Skills:
 + Level 6.9 Fighting
 + Level 6.0 Axes
 + Level 7.3 Armour
 + Level 1.3 Dodging
 + Level 6.7 Shields


You had 4 spell levels left.
You didn't know any spells.
Your spell library contained the following spells:

 Spells                   Type           Power      Damage    Failure   Level
 Ignite Poison            Fire/Tmut/Pois 0%         N/A       99%         3
 Kindle Blastsparks       Fire/Tloc/Air  0%         2d10      99%         3
 Freezing Cloud           Conj/Ice/Air   0%         6-21      100%        5


Dungeon Overview and Level Annotations

Branches:
Dungeon (1/1)

Altars:
Elyvilon
Kikubaaqudgha
Sif Muna
Vehumet
Zin
The Shining One


Innate Abilities, Weirdness & Mutations

You have a pair of horns on your head.
You reflexively headbutt those who attack you in melee.
You are partially covered in iridescent scales. (AC +2)


Message History

You headbutt the fire elemental! You hit the deep elf pyromancer.
Your headbutt misses the deep elf pyromancer.
The deep elf pyromancer is severely wounded.
You closely miss the fire elemental.
You are covered in liquid flames!
* * * LOW HITPOINT WARNING * * *
You block the deep elf pyromancer's attack.
The fire elemental barely misses you. You furiously retaliate!
You headbutt the fire elemental!
You feel much better.
You are covered in liquid flames!
The deep elf pyromancer hits you with a +2 long sword of holy wrath.
The fire elemental hits you. The fire elemental burns you!
You completely miss the deep elf pyromancer.
Your headbutt misses the deep elf pyromancer.
The deep elf pyromancer is severely wounded.
You closely miss the fire elemental.
You are covered in liquid flames!
The fire elemental hits you. The fire elemental burns you!
You block the deep elf pyromancer's attack.
You hit the deep elf pyromancer. You headbutt the deep elf pyromancer.
The deep elf pyromancer is severely wounded.
You barely miss the fire elemental. The fire elemental hits you.
The fire elemental burns you!
* * * LOW HITPOINT WARNING * * *
The deep elf pyromancer hits you but does no damage.
Unknown command.
You barely miss the deep elf pyromancer.
The deep elf pyromancer is severely wounded.
You closely miss the fire elemental. The fire elemental barely misses you.
You furiously retaliate!
You headbutt the fire elemental!
Unknown command.
You hit the deep elf pyromancer.
The deep elf pyromancer is almost dead.
You closely miss the fire elemental.
The deep elf pyromancer hits you with a +2 long sword of holy wrath.
* * * LOW HITPOINT WARNING * * *
The fire elemental hits you. The fire elemental burns you!
You die...

▓▓▓▓▓▓ ▓▓▓ .'...♣♣♣
♣.##### .#.....♣ ♣.#___#
##.....♣♣ ♣.#.E@#
.#....~.♣♣♣♣.###e#+###+#
.#...~~♣♣.♣..#..EE○.....
[#†.~~~~.♣♣♣.'.⌠........
'#..~≈≈~~~♣..#...######+
†#.~~≈~~~....#.⌠.#
.#.~≈~~~.....#...#
.#.~~~.......#)###
##...........#)..#


You could see a deep elf pyromancer and 3 fire elementals.

Vanquished Creatures
  A water elemental (D)
  A wizard (D)
  A kobold demonologist (D)
  A human (D)
  A wolf (D)
  2 endoplasms (D)
  2 rats (D)
9 creatures vanquished.

Notes
Turn   | Place    | Note
-------+----------+-------------------------------------------
     0 | D        | retardedninja the Minotaur Fighter began the quest for the
                  | Orb.
     0 | D        | Reached XP level 1. HP: 19/19 MP: 0/0
    10 | D        | Reached skill level 4 in Armour
    93 | D        | Reached skill level 5 in Fighting
    93 | D        | Reached skill level 5 in Armour
    93 | D        | Reached XP level 2. HP: 5/29 MP: 1/1
   341 | D        | Reached skill level 5 in Shields
   341 | D        | Reached XP level 3. HP: 34/36 MP: 2/2
   379 | D        | Gained mutation: You passively dampen the noise of your
                  | surroundings. [potion of mutation]
   380 | D        | Lost mutation: You passively dampen the noise of your
                  | surroundings. [potion of mutation]
   380 | D        | Gained mutation: You have sharp toenails. [potion of
                  | mutation]
   380 | D        | Lost mutation: You have sharp toenails. [potion of
                  | mutation]
   380 | D        | Gained mutation: You have hidden genetic potential. [potion
                  | of mutation]
   381 | D        | Lost mutation: You have hidden genetic potential. [potion
                  | of mutation]
   381 | D        | Gained mutation: You are weak. (Str -2) [potion of
                  | mutation]
   381 | D        | Gained mutation: You occasionally lose the ability to read
                  | scrolls when taking damage. [potion of mutation]
   381 | D        | Gained mutation: You are strong-willed. (Will+) [potion of
                  | mutation]
   382 | D        | Lost mutation: You are weak. (Str -2) [potion of mutation]
   382 | D        | Lost mutation: You occasionally lose the ability to read
                  | scrolls when taking damage. [potion of mutation]
   382 | D        | Lost mutation: You are strong-willed. (Will+) [potion of
                  | mutation]
   382 | D        | Gained mutation: You are partially covered in iridescent
                  | scales. (AC +2) [potion of mutation]
   397 | D        | Noticed a water elemental
   400 | D        | Killed a water elemental
   401 | D        | Reached skill level 5 in Axes
   401 | D        | Reached skill level 6 in Armour
   401 | D        | Reached skill level 1 in Dodging
   401 | D        | Reached XP level 4. HP: 25/45 MP: 3/3
   566 | D        | Found a radiant altar of Vehumet.
   566 | D        | Found a shimmering blue altar of Sif Muna.
   566 | D        | Found an ancient bone altar of Kikubaaqudgha.
   566 | D        | Noticed a wizard
   567 | D        | Killed a wizard
   568 | D        | Reached skill level 7 in Armour
   578 | D        | Reached XP level 5. HP: 39/51 MP: 4/4
   686 | D        | Found a glowing silver altar of Zin.
   686 | D        | Found a glowing golden altar of the Shining One.
   686 | D        | Found a white marble altar of Elyvilon.
   687 | D        | Noticed a deep elf pyromancer
   703 | D        | Noticed a fire elemental
   703 | D        | Noticed a fire elemental
   706 | D        | Noticed a fire elemental
   714 | D        | Slain by a fire elemental

Illustrated notes

Levels and vault maps discovered:
D:        dungeon_sprint_mu [sprint_mu_entry_forest, sprint_mu_temple_rooms,
          sprint_mu_d1_horrors, sprint_mu_d2_genie, sprint_mu_d3_branching,
          sprint_mu_orc_legion, sprint_mu_elf_gauntlet, sprint_mu_hive_nellie,
          sprint_mu_lair_fedhas, sprint_mu_vaults_butterflies,
          sprint_mu_slime_circle, sprint_mu_swamp_cave, sprint_mu_shoals_archi,
          sprint_mu_blade_basic, sprint_mu_crypt_fortress,
          sprint_mu_tomb_spiral, sprint_mu_vestibule_basic,
          sprint_mu_gehenna_hellfire, sprint_mu_dis_giant,
          sprint_mu_tartarus_statrot, sprint_mu_cocytus_islands, sprint_mu_zot1]

Skill      XL: |  1  2  3  4 |
---------------+-------------+-----
Fighting       | 5 6 |  6.9
Armour         | 5 6 7 |  7.3
Shields        | 4 5 6 |  6.7
Axes           | 3 4 5 6 |  6.0
Dodging        | 1 |  1.3

Action                   |  1- 3 |  4- 6 || total
-------------------------+-------+-------++-------
Melee: War axe           |    23 |    23 ||    46
       Headbutt          |     3 |     4 ||     7
  Use: Potion            |     5 |     2 ||     7
Armor: Scale mail        |     5 |    10 ||    15
Dodge: Dodged            |     9 |     9 ||    18
Block: Buckler           |     5 |     6 ||    11

Table legend: (Time is in decaauts)
 A = Elapsed time spent in this place.
 B = Non-inter-level travel time spent in this place.
 C = Inter-level travel time spent in this place.
 D = Time resting spent in this place.
 E = Time spent auto-exploring this place.
 F = Levels seen in this place.
 G = Mean time per level.
                   A        B        C        D        E       F      G
               +--------+--------+--------+--------+--------+-----+--------+
         Total |    720 |    720 |      0 |    520 |     15 |   1 |  720.0 |
       Dungeon |    720 |    720 |      0 |    520 |     15 |   1 |  720.0 |
               +--------+--------+--------+--------+--------+-----+--------+

Top non-repeatable levels by time:
       D: 720 daAuts
